 Dungeon Crawl Stone Soup version 0.31-a0-1317-gdfb52cbc09 (webtiles) character file.

Game seed: 6083101690641873844

82553 Arminio00 the Basher (level 15, -5/129 (133) HPs)
             Began as a Minotaur Fighter on Dec 12, 2023.
             Was the Champion of Cheibriados.
             Killed by a resonance strike
             ... invoked by Zenata
              (15 damage)
             ... on level 2 of the Orcish Mines on Dec 20, 2023.
             The game lasted 00:36:07 (21706 turns).

Arminio00 the Basher (Minotaur Fighter)            Turns: 21706, Time: 00:36:07

HP:   -5/129 (133)  AC: 22    Str: 36    XL:     15   Next: 29%
MP:   31/31         EV: 21    Int: 27    God:    Cheibriados [******]
Gold: 1018          SH: 16    Dex: 32    Spells: 14/14 levels left

rFire   + . .        Q - +3 war axe (freeze)
rCold   . . .        g - +0 kite shield
rNeg    . . .        j - +1 plate armour
rPois   +            i - +3 hat of Pondering {ponderous, Will+ MP+10 Int+5}
rElec   .            (no cloak)
rCorr   .            r - +0 pair of gloves
SInv    .            (no boots)
Will    ++...        w - amulet of regeneration Stlth
                     F - ring of Dim Light {^Drain rF+ Int+2 Slay+4}
HPRegen 1.21/turn    c - ring of poison resistance
MPRegen 0.22/turn

%: no passive effects
@: studying Armour, lightly drained, very slow
A: horns 2, retaliatory headbutt
a: Renounce Religion, Bend Time, Temporal Distortion, Slouch, Step From Time


You were on level 2 of the Orcish Mines.
You worshipped Cheibriados.
Cheibriados was exalted by your worship.
You visited 5 branches of the dungeon, and saw 22 of its levels.
You visited the Abyss 1 time.

You collected 1926 gold pieces.
You spent 908 gold pieces at shops.

Inventory:

Hand Weapons
 f - a +1 flail of venom
 I - a +2 dagger of distortion
 Q - a +3 war axe of freezing (weapon)
Missiles
 M - 10 javelins
Armour
 g - a +0 kite shield (worn)
 i - the +3 hat of Pondering (worn) {ponderous, Will+ MP+10 Int+5}
   (You acquired it on level 2 of the Orcish Mines)

   Int+5:     It affects your intelligence (+5).
   Will+:     It increases your willpower.
   MP+10:     It affects your magic capacity (+10).
 j - a +1 plate armour (worn)
 r - a +0 pair of gloves (worn)
Jewellery
 c - a ring of poison resistance (right hand)
 m - a ring of protection from fire
 v - a ring of ice
 w - an amulet of regeneration (around neck)
 F - the ring of Dim Light (left hand) {^Drain rF+ Int+2 Slay+4}
   (You found it on level 3 of the Lair of Beasts)

   [ring of slaying]

   Int+2:     It affects your intelligence (+2).
   Slay+4:    It affects your accuracy & damage with ranged weapons and melee
   (+4).
   rF+:       It protects you from fire.
   ^Drain:    It drains your maximum health when unequipped.
 K - a ring of protection from cold
 P - a ring of willpower
Wands
 a - a wand of acid (7)
 e - a wand of flame (10)
 y - a wand of polymorph (7)
 G - a wand of digging (3)
 H - a wand of paralysis (14)
 L - a wand of roots (7)
Scrolls
 b - 3 scrolls of fog
 h - 9 scrolls of teleportation
 k - a scroll of blinking
 o - a scroll of immolation
 t - 2 scrolls of summoning
 B - a scroll of amnesia
 J - a scroll of revelation
 O - a scroll of vulnerability
Potions
 d - 2 potions of might
 l - 3 potions of degeneration
 n - a potion of ambrosia {unknown}
 p - 2 potions of brilliance {unknown}
 q - 4 potions of curing
 s - a potion of heal wounds
 u - 3 potions of lignification
 x - a potion of haste {unknown}
 z - 5 potions of mutation
 A - 2 potions of magic {unknown}
 C - 3 potions of attraction {unknown}
 D - 3 potions of enlightenment {unknown}
 E - a potion of invisibility {unknown}


   Skills:
 + Level 12.3 Fighting
 + Level 4.6(10.7) Axes
 - Level 14.8(15.1) Maces & Flails
 + Level 14.6 Armour
 + Level 12.3 Dodging
 - Level 0.6 Stealth
 + Level 13.6 Shields
 - Level 1.0 Unarmed Combat
 + Level 10.6 Invocations
 + Level 5.2 Evocations


You had 14 spell levels left.
You didn't know any spells.
Your spell library contained the following spells:

 Spells                   Type           Power      Damage    Failure   Level
 Blink                    Tloc           0%         N/A       71%         2
 Cigotuvi's Dreadful Rot  Necr/Alch/Air  0%         N/A       71%         2
 Ensorcelled Hibernation  Hex/Ice        0%         N/A       71%         2
 Lesser Beckoning         Tloc           0%         N/A       71%         2
 Momentum Strike          Conj/Tloc      0%         3d8       71%         2
 Passwall                 Alch/Erth      0%         N/A       71%         2
 Sublimation of Blood     Necr           0%         N/A       71%         2
 Swiftness                Air            0%         N/A       90%         3
 Volatile Blastmotes      Fire/Tloc      0%         2d10      90%         3
 Animate Armour           Summ/Erth      0%         N/A       100%        4
 Dispel Undead            Necr           0%         3d6       100%        4
 Fulminant Prism          Conj/Alch      0%         3d5       100%        4
 Ignite Poison            Fire/Alch      0%         N/A       100%        4
 Iskenderun's Mystic Bla  Conj/Tloc      0%         2d3       100%        4
 Petrify                  Alch/Erth      0%         N/A       100%        4
 Sticky Flame             Fire/Alch      0%         2d4       100%        4
 Summon Lightning Spire   Summ/Air       0%         N/A       100%        4
 Irradiate                Conj/Alch      0%         3d11      100%        5
 Lee's Rapid Deconstruct  Erth           0%         3d4*      100%        5
 Death Channel            Necr           0%         N/A       100%        6
 Ignition                 Fire           0%         3d3       100%        8


Dungeon Overview and Level Annotations

Branches:
Dungeon (13/15)            Temple (1/1) D:6            Lair (5/5) D:8
 Shoals (0/4) Lair:2       Spider (0/4) Lair:2        Slime (0/5) Lair:4
    Orc (2/2) D:11            Elf (1/3) Orc:2        Vaults (0/5) D:13

Altars:
Ashenzari
Cheibriados
Dithmenos
Elyvilon
Fedhas
Gozag
Hepliaklqana
Kikubaaqudgha
Makhleb
Nemelex Xobeh
Okawaru
Qazlal
Ru
Sif Muna
Trog
Uskayaw
Vehumet
Wu Jian
Xom
Yredelemnul
Zin
The Shining One
Jiyva
Lugonu

Shops:
D:3 =   D:11 !   Orc:2 =[*?

Portals:
Abyss: Lair:5

Annotations:
Lair:3 2 transporters
Orc:2 Zenata


Innate Abilities, Weirdness & Mutations

You have a pair of horns on your head.
You reflexively headbutt those who attack you in melee.


Message History

You are too injured to fight recklessly!
You are too injured to fight recklessly!
You slash Zenata! You freeze Zenata. You headbutt Zenata, but do no damage.
Zenata is heavily wounded.
You block Zenata's attack.
You barely miss Zenata.
Zenata is heavily wounded.
Zenata howls, "I'll flense you until there's nothing left!"
Zenata gestures, and weapons take to the air!
You hit Zenata. You freeze Zenata.
Zenata is heavily wounded.
You closely miss the +2 dire flail of holy wrath.
The +2 trident of freezing hits you but does no damage.
The +2 dire flail of holy wrath hits you but does no damage.
You block Zenata's attack. The +2 trident of freezing misses you.
The +2 dire flail of holy wrath closely misses you.
The +0 morningstar of protection hits you!
You slice Zenata!! You freeze Zenata.
Zenata is severely wounded.
You hit the +2 short sword of protection.
You slash the +2 dire flail of holy wrath!
You freeze the +2 dire flail of holy wrath.
You miss the +0 morningstar of protection.
You block the +2 short sword of protection's attack.
The +2 trident of freezing hits you from afar.
The +2 trident of freezing freezes you.
* * * LOW HITPOINT WARNING * * *
The +2 dire flail of holy wrath misses you.
The +0 morningstar of protection hits you but does no damage.
You block the +2 short sword of protection's attack.
The +2 trident of freezing hits you from afar.
* * * LOW HITPOINT WARNING * * *
The +2 trident of freezing freezes you.
* * * LOW HITPOINT WARNING * * *
The +2 dire flail of holy wrath hits you!!
* * * LOW HITPOINT WARNING * * *
Zenata gestures at you while chanting.
A blast of power from the earth and the adjacent constructs strikes you!
You die...
Zenata says, "Let's see what's inside you."

...........######################
..........## ..........### ###
...#...#....#####.##
..............##...#
...........<...##.##
.......#.##...###.##
...#.##.......#a...##
#..............(@...#
...#..........((#(.##
#.#.........#......#
.###............#.##
..#.....#.^...#.###
.###.............# ##
###.##.#..##.## ############


You could see Zenata and 4 dancing weapons.

Vanquished Creatures
  Nessos (D:13)
  Snorg (Lair:2)
  A centaur warrior (D:13)
  An ogre mage (D:13)
  5 hydras
  A rakshasa (Abyss:2)
  4 vault guards (D:13)
  2 boulder beetles
  4 two-headed ogres
  A catoblepas (D:13)
  6 death yaks
  3 tengu warriors (D:13)
  A demonic crawler (Abyss:2)
  Urug (Lair:3)
  2 thrashing horrors (Lair:5)
  Sonja (D:12)
  A skyshark (Lair:5)
  A harpy (D:13)
  4 orc knights (Orc:1)
  A wolf spider (D:13)
  5 ugly things
  2 deep elf pyromancers
  4 manticores
  3 cyclopes
  13 elephants
  An elephant (shapeshifter) (Lair:5)
  A guardian serpent (D:11)
  A merfolk siren (Lair:2)
  3 kobold blastminers (Orc:2)
  6 black mambas
  2 torpor snails
  4 gargoyles
  11 cane toads
  2 smoke demons (Lair:5)
  5 komodo dragons
  2 kobold demonologists
  2 rime drakes (Lair:3)
  A tengu conjurer (D:13)
  An efreet (D:13)
  3 merfolk (Lair:2)
  4 trolls
  3 polar bears
  A queen bee (shapeshifter) (D:13)
  A hornet (D:9)
  49 blink frogs
  A raiju (Lair:5)
  5 slime creatures
  4 shadows
  A ynoxinul (Lair:5)
  2 wyverns
  A vampire (D:13)
  A wraith (D:13)
  57 yaks
  A warg (Orc:1)
  4 redbacks (Lair:2)
  7 vampire mosquitoes
  12 basilisks
  4 chaos spawn (Lair:5)
  13 water moccasins
  24 orc warriors
  2 ice beasts
  2 sky beasts (D:8)
  3 ogres (Orc:2)
  10 centaurs
  14 wolves
  A phantom (D:6)
  6 kobold brigands
  10 bullfrogs
  A gnoll sergeant (D:8)
  13 small abominations (Lair:5)
  3 wights (D:6)
  5 jellies
  10 killer bees
  6 howler monkeys
  7 orc priests
  6 hounds
  An iron imp (Abyss:2)
  Ijyb (D:5)
  A sleepcap (D:7)
  2 iguanas
  14 orc wizards
  20 gnolls
  2 adders
  3 shadow imps
  A white imp (D:6)
  A worm (D:2)
  5 dart slugs
  65 orcs
  10 endoplasms
  2 giant cockroaches (D:1)
  9 goblins
  11 hobgoblins
  3 jackals (D:4)
  15 kobolds
  3 quokkas
  7 ball pythons
  3 bats
  9 frilled lizards
  4 rats
600 creatures vanquished.

Vanquished Creatures (others)
  A deep elf knight (D:13)
  2 orc warriors (Orc:2)
  4 orcs (Orc:2)
7 creatures vanquished.

Grand Total: 607 creatures vanquished

Notes
Turn   | Place    | Note
-------+----------+-------------------------------------------
     0 | D:1      | Arminio00 the Minotaur Fighter began the quest for the Orb.
     0 | D:1      | Reached XP level 1. HP: 19/19 MP: 0/0
   112 | D:1      | Reached XP level 2. HP: 27/27 MP: 1/1
   339 | D:1      | Reached XP level 3. HP: 33/33 MP: 2/2
   526 | D:1      | Found a faded altar of an unknown god.
  1017 | D:2      | Reached skill level 1 in Dodging
  1025 | D:2      | Reached XP level 4. HP: 32/40 MP: 3/3
  1336 | D:3      | Reached XP level 5. HP: 36/47 MP: 4/4
  1672 | D:3      | Reached skill level 1 in Maces & Flails
  1928 | D:3      | Found Heafad's Jewellery Shoppe.
  2378 | D:4      | Reached XP level 6. HP: 22/55 MP: 5/5
  2533 | D:4      | Reached skill level 5 in Fighting
  2738 | D:4      | Reached XP level 7. HP: 40/61 MP: 6/6
  3399 | D:5      | Entered Level 5 of the Dungeon
  3419 | D:5      | Reached skill level 5 in Maces & Flails
  3483 | D:5      | Noticed Ijyb
  3484 | D:5      | Reached skill level 5 in Armour
  3521 | D:5      | Killed Ijyb
  4121 | D:5      | Reached XP level 8. HP: 58/70 MP: 7/7
  4227 | D:5      | Reached skill level 5 in Shields
  4297 | D:5      | Upgraded the game from 0.31-a0-1202-ga8fea8b373 to
                  | 0.31-a0-1300-gb6740aa4e6
  4907 | D:6      | Reached skill level 1 in Unarmed Combat
  5008 | D:6      | Found a staircase to the Ecumenical Temple.
  5191 | Temple   | Entered the Ecumenical Temple
  5232 | Temple   | Became a worshipper of Cheibriados the Contemplative
  5365 | D:7      | Reached skill level 5 in Dodging
  5371 | D:7      | Reached skill level 1 in Invocations
  5997 | D:7      | Reached * piety under Cheibriados
  6112 | D:8      | Reached XP level 9. HP: 42/75 MP: 9/9
  6684 | D:8      | Found a staircase to the Lair.
  7164 | D:9      | Reached ** piety under Cheibriados
  7429 | D:9      | Noticed a manticore
  7437 | D:9      | Killed a manticore
  7821 | D:10     | Entered Level 10 of the Dungeon
  7895 | D:10     | Noticed a two-headed ogre
  7907 | D:10     | Killed a two-headed ogre
  7956 | D:10     | Found a broken altar of Ashenzari.
  7983 | D:10     | Reached XP level 10. HP: 76/86 MP: 11/11
  8436 | D:10     | Reached skill level 5 in Invocations
  9174 | D:11     | Reached *** piety under Cheibriados
  9243 | D:11     | Reached skill level 10 in Maces & Flails
  9272 | D:11     | Noticed a guardian serpent
  9288 | D:11     | Killed a guardian serpent
  9554 | D:11     | Noticed a soul eater
  9583 | D:11     | Reached XP level 11. HP: 41/94 MP: 14/14
  9914 | D:11     | Noticed a two-headed ogre
  9922 | D:11     | Killed a two-headed ogre
  9968 | D:11     | Found a staircase to the Orcish Mines.
  9974 | D:11     | Reached **** piety under Cheibriados
 10065 | D:11     | Noticed a purple ugly thing
 10081 | D:11     | Killed a purple ugly thing
 10295 | D:11     | Found Veet's Distillery.
 10303 | D:11     | Bought a potion of heal wounds for 90 gold pieces
 10303 | D:11     | Bought a potion of heal wounds for 90 gold pieces
 10452 | D:12     | Reached skill level 10 in Armour
 10933 | D:12     | Noticed a deep elf pyromancer
 10948 | D:12     | Killed a deep elf pyromancer
 11027 | D:12     | Noticed Sonja
 11028 | Abyss:2  | Cast into level 2 of the Abyss (Sonja)
 11050 | Abyss:2  | Noticed a demonic crawler
 11078 | Abyss:2  | Killed a demonic crawler
 11152 | Abyss:2  | Noticed a rakshasa
 11179 | Abyss:2  | Killed a rakshasa
 11192 | D:12     | Escaped the Abyss
 11199 | D:12     | Killed Sonja
 11687 | D:13     | Noticed a two-headed ogre
 11690 | D:13     | Noticed a deep elf knight
 11691 | D:13     | Noticed a centaur warrior
 11693 | D:13     | Killed a two-headed ogre
 11694 | D:13     | Reached XP level 12. HP: 97/103 MP: 16/16
 11708 | D:13     | Killed a centaur warrior
 11849 | D:13     | Reached skill level 10 in Shields
 11851 | D:13     | Noticed an ogre mage
 11860 | D:13     | Killed an ogre mage
 12043 | D:13     | Noticed a catoblepas
 12054 | D:13     | Killed a catoblepas
 12065 | D:13     | Noticed a two-headed ogre
 12065 | D:13     | Noticed a tengu warrior
 12066 | D:13     | Noticed a tengu warrior
 12071 | D:13     | Killed a two-headed ogre
 12078 | D:13     | Killed a tengu warrior
 12084 | D:13     | Noticed a vault guard
 12202 | D:13     | Killed a tengu warrior
 12212 | D:13     | Noticed a vault guard
 12226 | D:13     | Killed a vault guard
 12227 | D:13     | Reached skill level 10 in Dodging
 12362 | D:13     | Killed a vault guard
 12428 | D:13     | Noticed a vault guard
 12441 | D:13     | Killed a vault guard
 12497 | D:13     | Noticed a vault guard
 12511 | D:13     | Killed a vault guard
 12515 | D:13     | Reached XP level 13. HP: 98/111 MP: 18/18
 12605 | D:13     | Found a gate to the Vaults.
 12682 | D:13     | Upgraded the game from 0.31-a0-1300-gb6740aa4e6 to
                  | 0.31-a0-1317-gdfb52cbc09
 12723 | D:13     | Noticed Nessos
 12744 | D:13     | Killed Nessos
 13831 | Lair:1   | Entered Level 1 of the Lair of Beasts
 14100 | Lair:1   | You fall into a shaft and drop 1 floor!
 14141 | Lair:1   | Reached ***** piety under Cheibriados
 14692 | Lair:2   | Found a hole to the Spider Nest.
 14718 | Lair:2   | Reached skill level 10 in Fighting
 14919 | Lair:2   | Reached skill level 1 in Evocations
 15152 | Lair:2   | Found a staircase to the Shoals.
 15694 | Lair:3   | Noticed Snorg
 15725 | Lair:2   | Killed Snorg
 16259 | Lair:3   | Identified the ring of Dim Light {^Drain rF+ Int+2 Slay+4}
 16344 | Lair:3   | Reached XP level 14. HP: 117/122 MP: 20/20
 16559 | Lair:3   | Found a transporter.
 16561 | Lair:3   | Found a transporter.
 16583 | Lair:3   | Noticed Urug
 16594 | Lair:3   | Killed Urug
 16738 | Lair:4   | Reached ****** piety under Cheibriados
 16966 | Lair:4   | Found a runed translucent door.
 17474 | Lair:4   | Found a viscous altar of Jiyva.
 17537 | Lair:4   | Found a staircase to the Slime Pits.
 17678 | Lair:5   | Entered Level 5 of the Lair of Beasts
 17958 | Lair:5   | Reached skill level 10 in Invocations
 18180 | Lair:5   | HP: 5/125 [chaos spawn (10)]
 18401 | Lair:5   | Found a corrupted altar of Lugonu.
 18401 | Lair:5   | Found a one-way gate to the infinite horrors of the Abyss.
 18847 | Lair:4   | Reached XP level 15. HP: 105/132 MP: 21/21
 18911 | Lair:5   | Found a glowing golden altar of the Shining One.
 19547 | Orc:1    | Entered Level 1 of the Orcish Mines
 19556 | Orc:1    | Reached skill level 5 in Evocations
 19986 | Orc:2    | Entered Level 2 of the Orcish Mines
 19986 | Orc:2    | Found Berubau's Jewellery Shop.
 21095 | Orc:2    | Found a staircase to the Elven Halls.
 21339 | Orc:2    | Found Quabono's General Store.
 21341 | Orc:2    | Found Jokhomim's Antique Armour Shoppe.
 21343 | Orc:2    | Found Buicetra's Magic Scroll Boutique.
 21349 | Orc:2    | Bought a scroll of acquirement for 728 gold pieces
 21354 | Orc:2    | Acquired the +3 hat of Pondering {ponderous, Will+ MP+10
                  | Int+5}
 21354 | Orc:2    | Found the +3 hat of Pondering {ponderous, Will+ MP+10
                  | Int+5}
 21444 | Elf:1    | Entered Level 1 of the Elven Halls
 21444 | Elf:1    | Noticed Zenata
 21706 | Orc:2    | Killed from afar by Zenata

Illustrated notes

Levels and vault maps discovered:
D:1:      ncdulo_smallfort, layout_basic, dilly_ecumenical_altar_fadedgnrine,
          minmay_pentomino_w4
D:2:      layout_rooms, kennysheep_path_1, st_stairs_8,
          kennysheep_generic_room_3
D:3:      layout_basic, serial_shops, nicolae_shop_back_alley_shop,
          minmay_cut_off
D:4:      layout_basic, kennysheep_generic_room_14
D:5:      layout_loops_cross, uniq_ijyb
D:6:      layout_loops_cross, temple_green
D:7:      layout_basic
D:8:      layout_loops_ring, lair_entry_dummy
D:9:      layout_loops_ring
D:10:     layout_irregular_city, mainiacjoe_overflow_small_starburst
D:11:     layout_gridville, orc_0_dummy, serial_shops, shop_statue,
          nrook_guardian_serpent_double
D:12:     layout_basic, uniq_sonja
D:13:     hangedman_cross_stitches, layout_basic,
          lightli_vaults_fourway_checkpoint, uniq_nessos
Temple:   mainiacjoe_temple_hex_bubbles
Lair:1:   layout_small_grid, serial_bayou_crossing
Lair:2:   layout_regular_city, elwin_shoals_entry_stream, spider_nest_entry_webs
Lair:3:   gammafunk_boulding_lane, layout_regular_city, grunt_megastairs_1,
          uniq_snorg, uniq_urug
Lair:4:   layout_concentric_octagons, slime_entry_1, pf_torpor_hydra,
          infiniplex_staircase_pool_2
Lair:5:   hellmonk_lair_end_abyssal_woods, layout_hall_layers, basic_altar,
          nicolae_quartered_pool_little, serial_bayou_shore_b,
          serial_bayou_shore_a
Orc:1:    layout_caves, serial_shops
Orc:2:    st_orc_rangers, layout_caves, serial_shops, nicolae_shop_crystal
Elf:1:    layout_loops_cross, nicolae_elf_crossing_hall, uniq_zenata

Skill      XL: |  1  2  3  4  5  6  7  8  9 10 11 12 13 14 15 |
---------------+----------------------------------------------+-----
Fighting       | 4 5 6 7 8 9 10 11 12 | 12.3
Armour         | 4 5 6 8 9 10 11 12 14 | 14.6
Axes           | 3 4 |  4.6
Dodging        | 1 2 3 4 5 6 7 9 10 11 12 | 12.3
Shields        | 4 5 6 8 9 11 12 13 | 13.6
Maces & Flails | 2 4 5 7 8 10 11 12 13 14 | 14.8
Unarmed Combat | 1 |  1.0
Invocations    | 2 3 5 7 8 9 10 | 10.6
Evocations     | 2 4 5 |  5.2
Stealth        | |  0.6

Action                     |  1- 3 |  4- 6 |  7- 9 | 10-12 | 13-15 || total
---------------------------+-------+-------+-------+-------+-------++-------
  Melee: War axe           |    75 |     4 |       |       |   102 ||   181
         Headbutt          |    10 |    22 |    54 |   137 |   293 ||   516
         Flail             |       |   138 |   271 |   526 |   862 ||  1797
         Unarmed           |       |       |    29 |       |       ||    29
 Invoke: Slouch            |       |       |       |     3 |       ||     3
    Use: Potion            |     1 |     1 |       |     5 |     3 ||    10
         Scroll            |       |       |     9 |     5 |    12 ||    26
   Stab: Distracted        |       |       |       |     1 |       ||     1
 Armour: Scale mail        |    37 |       |       |       |       ||    37
         Plate armour      |    19 |   133 |   238 |   418 |   600 ||  1408
         Skin              |       |       |    13 |       |       ||    13
  Dodge: Dodged            |    42 |    31 |   186 |   268 |   674 ||  1201
  Block: Buckler           |    13 |    29 |    58 |       |       ||   100
         Kite shield       |       |       |    43 |   428 |  1070 ||  1541

Table legend: (Time is in decaauts)
 A = Elapsed time spent in this place.
 B = Non-inter-level travel time spent in this place.
 C = Inter-level travel time spent in this place.
 D = Time resting spent in this place.
 E = Time spent auto-exploring this place.
 F = Levels seen in this place.
 G = Mean time per level.
                   A        B        C        D        E       F      G
               +--------+--------+--------+--------+--------+-----+--------+
         Total |  28944 |  26732 |   2212 |   3286 |  19424 |  23 | 1258.4 |
       Dungeon |  16814 |  15293 |   1521 |   1471 |  11624 |  13 | 1293.4 |
        Temple |    111 |      8 |    103 |      0 |      0 |   1 |  111.0 |
          Lair |   8860 |   8299 |    561 |    662 |   6226 |   5 | 1772.0 |
  Orcish Mines |   2937 |   2911 |     26 |   1147 |   1447 |   2 | 1468.5 |
   Elven Halls |      9 |      9 |      0 |      0 |      0 |   1 |    9.0 |
         Abyss |    211 |    211 |      0 |      6 |    126 |   1 |  211.0 |
               +--------+--------+--------+--------+--------+-----+--------+

Top non-repeatable levels by time:
    D:13: 2576 daAuts
  Lair:4: 2048 daAuts
    D:11: 1916 daAuts
  Lair:5: 1899 daAuts
  Lair:2: 1880 daAuts
    D:12: 1877 daAuts
    D:10: 1707 daAuts
  Lair:3: 1652 daAuts
   Orc:1: 1485 daAuts
   Orc:2: 1451 daAuts
  Lair:1: 1378 daAuts
     D:9: 1284 daAuts
     D:8: 1209 daAuts
     D:4: 1107 daAuts
     D:3: 1010 daAuts
